 Dungeon Crawl Stone Soup version 0.31-a0-986-g5e6e4ef867 (webtiles) character file.

Game seed: 15407801629458066283

599 Firecrotchwizard the Ruffian (level 7, -10/36 HPs)
             Began as a Vine Stalker Shapeshifter on Nov 18, 2023.
             Killed by an exploding butterfly (25 damage)
             ... ignited by their inner flame
             ... on level 5 of the Dungeon.
             The game lasted 00:09:39 (2342 turns).

Firecrotchwizard the Ruffian (VSSh)                 Turns: 2342, Time: 00:09:39

Health: -10/36     AC: 13    Str: 19    XL:     7   Next: 41%
Magic:  0/8        EV: 10    Int: 10    God:
Gold:   220        SH:  0    Dex: 13    Spells: 6/6 levels left

rFire   . . .        y - +8 trident of the Octopus King {venom, rElec rPois}
rCold   . . .        (no shield)
rNeg    . . .        q - +3 scale mail
rPois   +            (helmet currently unavailable)
rElec   +            (cloak currently unavailable)
rCorr   .            (gloves currently unavailable)
SInv    .            (boots currently unavailable)
Will    .....        (no amulet) Stlth
                     C - +4 ring of protection
HPRegen 1.06/turn    (no ring)
MPRegen 0.11/turn

%: guardian spirit
@: beast-form
A: beast (slay +2), fangs 2, regeneration 1, magic shield, antimagic bite, no
potion heal 2
a: Begin Untransformation


You were on level 5 of the Dungeon.
You were a hulking beast.
You visited 1 branch of the dungeon, and saw 5 of its levels.
You also visited: Sewer.

You collected 220 gold pieces.

Inventory:

Hand Weapons
 r - a +0 spear of venom
 y - the +8 trident of the Octopus King (weapon) {venom, rElec rPois}
   (You took it off an orc on level 4 of the Dungeon)

   rElec:     It insulates you from electricity.
   rPois:     It protects you from poison
Missiles
 f - 15 poisoned darts
 l - 12 atropa-tipped darts
Armour
 a - a +0 animal skin
 p - a +0 ring mail
 q - a +3 scale mail (worn)
Jewellery
 n - a ring of wizardry
 C - a +4 ring of protection (left hand)
Talismans
 c - a beast talisman
 d - a flux talisman
Wands
 z - a wand of mindburst (16)
 A - a wand of flame (18)
 D - a wand of roots (3)
Scrolls
 e - 2 scrolls of amnesia
 g - a scroll of blinking
 i - 4 scrolls of identify
 t - a scroll of teleportation
 u - 3 scrolls of fog {unknown}
 w - a scroll of enchant weapon {unknown}
 E - a scroll of poison {unknown}
Potions
 b - a potion of lignification
 h - a potion of mutation
 k - a potion of ambrosia {unknown}
 m - a potion of curing {unknown}
 v - a potion of might {unknown}
 x - a potion of heal wounds {unknown}
 B - a potion of enlightenment {unknown}


   Skills:
 + Level 3.5 Fighting
 - Level 1.5 Dodging
 * Level 6.2 Unarmed Combat
 + Level 4.5 Shapeshifting


You had 6 spell levels left.
You didn't know any spells.
Your spell library contained the following spells:

 Spells                   Type           Power      Damage    Failure   Level
 Wereblood                Tmut           0%         N/A       88%         2
 Gell's Gravitas          Tloc           0%         N/A       98%         3
 Teleport Other           Tloc           0%         N/A       98%         3
 Irradiate                Conj/Tmut      0%         3d11      100%        5
 Dispersal                Tloc           0%         N/A       100%        6


Dungeon Overview and Level Annotations

Branches:
Dungeon (5/15)              Sewer (visited)
 Temple: D:4-7

Altars:
Cheibriados


Innate Abilities, Weirdness & Mutations

You are a hulking beast.
Your limbs bulge with bestial killing power. (Slay +2)
You have extremely sharp teeth.
Your natural rate of healing is unusually fast.
When hurt, damage is shared between your health and your magic reserves.
Your bite disrupts and absorbs the magic of your enemies.
Potions cannot restore your health.


Message History

The slug dart misses you.
You hit the dart slug.
The dart slug is poisoned.
You bite the dart slug, but do no damage.
The dart slug is heavily wounded.
You kill the dart slug!
D - a wand of roots (3)
The endoplasm quivers. x2
You open the door.
There are monsters nearby!
You hit the endoplasm.
The endoplasm is poisoned.
The endoplasm is heavily wounded.
The endoplasm misses you.
You puncture the endoplasm!
You kill the endoplasm!
You hit the endoplasm.
The endoplasm is poisoned.
You bite the endoplasm.
You kill the endoplasm!
There is an open door here.
You now have 203 gold pieces (gained 5).
You now have 220 gold pieces (gained 17).
E - a scroll labelled GEEHYR HINYTH As you open the door, it creaks loudly!
Found 6 stones.
There is an open door here.
You see here 6 stones.
Done exploring.
Done exploring.
You see here 6 stones.
There is an open door here.
There is an open door here.
There is a stone staircase leading down here.
You climb downwards.
There is a stone staircase leading up here.
As you read the scroll labelled XEJARGHOCAGG, it crumbles to dust.
It is a scroll of amnesia.
You feel forgetful for a moment.
As you read the scroll labelled UPAGENK NUPE, it crumbles to dust.
You hear a loud clanging noise!
It was a scroll of noise.
You hear an angry hiss.
You hear a shout! x3
As you read the scroll labelled YGOCVEKAED, it crumbles to dust.
It is a scroll of identify.
h - a potion of mutation;
i - 4 scrolls of identify
k - a glowing purple potion Blink to where?
Press: ? - help, Dir - move target, f - you
Okay, then.
As you read the scroll labelled TOWOMA WEONT, it crumbles to dust.
It was a scroll of blinking.
g - a scroll of blinking;
l - 12 atropa-tipped darts
As you read the scroll labelled KOS POEMOUNYFO, it crumbles to dust.
You feel strangely unstable.
It was a scroll of teleportation.
t - a scroll of teleportation;
m - a white potion An ogre comes into view.
It is wielding a +0 giant spiked club.
You climb upwards.
Your surroundings suddenly seem different.
Unknown command.
There is a stone staircase leading down here.
You climb downwards.
Found a ring mail.
Found a stone staircase leading down.
There is a stone staircase leading up here.
As you read the scroll labelled CETEAT LOHATT, it crumbles to dust.
You hear the flapping of tiny wings.
It was a scroll of butterflies.
The ice beast barely misses your butterfly.
As you read the scroll labelled MAS SOHIJUIRGHILAC, it crumbles to dust.
The creatures around you are filled with an inner flame!
It was a scroll of immolation.
The ice beast hits your butterfly.
Your butterfly disappears in a burst of colours!
Your butterfly explodes!
The fiery explosion engulfs your butterfly!
Your butterfly disappears in a burst of colours!
The fiery explosion engulfs your butterfly!!
Your butterfly disappears in a burst of colours!
The fiery explosion engulfs your butterfly!!!
Your butterfly disappears in a burst of colours!
The fiery explosion engulfs the ice beast!!!
The ice beast melts!
The fiery explosion engulfs your butterfly!!
Your butterfly disappears in a burst of colours!
Your butterfly explodes!
The ice beast explodes!
Your butterfly explodes!
The fiery explosion engulfs your butterfly!!
Your butterfly disappears in a burst of colours!
The fiery explosion engulfs your butterfly!!
Your butterfly disappears in a burst of colours!
Your butterfly explodes!
The fiery explosion engulfs your butterfly!!
Your butterfly disappears in a burst of colours!
The fiery explosion engulfs your butterfly!!
Your butterfly disappears in a burst of colours!
The fiery explosion engulfs your butterfly!
Your butterfly disappears in a burst of colours!
Your butterfly explodes!
The fiery explosion engulfs you!!
Your butterfly explodes!
The fiery explosion engulfs you.
* * * LOW HITPOINT WARNING * * *
Your butterfly explodes!
The fiery explosion engulfs you!!
* * * LOW MAGIC WARNING * * *
Ouch! That really hurt!
You die...

## b## bb#####
.##.####§§§§§§.
#.P[Pbbh§§§§§§.
#.#.#b##§#§####
.# .. #§# . ##
## ##. ...
##.## ... #.#
#<#


There were no monsters in sight!

Vanquished Creatures
  Sigmund (D:4)
  A water moccasin (D:4)
  An ice beast (D:5)
  A bullfrog (D:3)
  A hound (D:3)
  An orc priest (D:4)
  An iguana (D:4)
  Terence (D:3)
  A river rat (D:3)
  7 adders
  2 worms (D:2)
  5 dart slugs
  2 orcs (D:4)
  2 ball pythons
  11 endoplasms
  6 giant cockroaches
  2 goblins
  2 hobgoblins
  10 jackals
  2 quokkas
  3 bats
  5 frilled lizards
  6 kobolds
  7 rats
81 creatures vanquished.

Notes
Turn   | Place    | Note
-------+----------+-------------------------------------------
     0 | D:1      | Firecrotchwizard the Vine Stalker Shapeshifter began the
                  | quest for the Orb.
     0 | D:1      | Reached XP level 1. HP: 9/9 MP: 2/2
    73 | D:1      | You fall into a shaft and drop 1 floor!
   110 | D:1      | Reached skill level 1 in Fighting
   116 | D:1      | Reached XP level 2. HP: 14/14 MP: 3/3
   657 | D:1      | Reached XP level 3. HP: 17/18 MP: 4/4
  1104 | D:3      | Reached skill level 4 in Unarmed Combat
  1104 | D:3      | Reached XP level 4. HP: 23/23 MP: 5/5
  1193 | D:3      | Noticed Terence
  1232 | D:3      | Reached XP level 5. HP: 26/26 MP: 6/6
  1240 | D:3      | Killed Terence
  1358 | D:3      | Reached skill level 5 in Unarmed Combat
  1361 | D:3      | Reached XP level 6. HP: 29/32 MP: 5/7
  1693 | D:3      | Found a glowing drain.
  1697 | Sewer    | Entered a sewer
  1977 | D:4      | Found a snail-covered altar of Cheibriados.
  2081 | D:4      | Noticed Sigmund
  2107 | D:4      | Killed Sigmund
  2108 | D:4      | Reached XP level 7. HP: 28/36 MP: 6/8
  2183 | D:4      | Reached skill level 6 in Unarmed Combat
  2328 | D:5      | Identified the "Denaf"
  2328 | D:5      | Entered Level 5 of the Dungeon
  2342 | D:5      | Killed by an exploding butterfly... ignited by their inner
                  | flame

Illustrated notes

Levels and vault maps discovered:
D:1:      minmay_arrival_arboretum_small, layout_loops_cross, kennysheep_doodads
D:2:      layout_rooms, serial_glass, glass_columns_c, glass_columns_b,
          glass_columns_a
D:3:      layout_rooms, gup_sewer_entry_bowl, uniq_terence
D:4:      layout_rooms, kennysheep_little_box, chequers_serial_rivers_micro_b,
          kennysheep_small_circle, uniq_sigmund
D:5:      layout_loops_ring, minmay_temple_entry_gardened_gates,
          serial_bayou_pond_d, minmay_misc_feat_tower, minmay_misc_feat_five,
          nrook_pool_corridor

Skill      XL: |  1  2  3  4  5  6  7 |
---------------+----------------------+-----
Fighting       | 1 2 3 |  3.5
Unarmed Combat | 4 5 6 |  6.2
Shapeshifting  | 4 |  4.5
Dodging        | |  1.5

Action                     |  1- 3 |  4- 6 |  7- 9 || total
---------------------------+-------+-------+-------++-------
  Melee: Unarmed           |    77 |    63 |       ||   140
         Bite              |    18 |    21 |     5 ||    44
         Punch             |     1 |     2 |       ||     3
         Spear             |       |    35 |       ||    35
         Trident           |       |    17 |    12 ||    29
  Throw: Dart              |       |     9 |       ||     9
    Use: Potion            |       |     1 |       ||     1
         Scroll            |       |       |     7 ||     7
   Stab: Sleeping          |     1 |       |       ||     1
 Armour: Animal skin       |    32 |    14 |       ||    46
         Ring mail         |       |     1 |       ||     1
         Scale mail        |       |    58 |     7 ||    65
  Dodge: Dodged            |    42 |    64 |     2 ||   108

Table legend: (Time is in decaauts)
 A = Elapsed time spent in this place.
 B = Non-inter-level travel time spent in this place.
 C = Inter-level travel time spent in this place.
 D = Time resting spent in this place.
 E = Time spent auto-exploring this place.
 F = Levels seen in this place.
 G = Mean time per level.
                   A        B        C        D        E       F      G
               +--------+--------+--------+--------+--------+-----+--------+
         Total |   2361 |   2219 |    142 |     59 |   1472 |   6 |  393.5 |
       Dungeon |   2275 |   2133 |    142 |     59 |   1455 |   5 |  455.0 |
         Sewer |     86 |     86 |      0 |      0 |     17 |   1 |   86.0 |
               +--------+--------+--------+--------+--------+-----+--------+

Top non-repeatable levels by time:
     D:3: 675 daAuts
     D:1: 640 daAuts
     D:4: 502 daAuts
     D:2: 448 daAuts
   Sewer: 86 daAuts
     D:5: 8 daAuts
